 Dungeon Crawl Stone Soup version 0.18.1-48-g4cf74bf (webtiles) character file.

794 MirrMurr the Covert (level 7, -1/32 HPs)
             Began as a Spriggan Enchanter on July 1, 2016.
             Slain by an orc warrior
             ... wielding a +0 hand axe
              (13 damage)
             ... on level 5 of the Dungeon.
             The game lasted 00:14:47 (5094 turns).

MirrMurr the Covert (Spriggan Enchanter)            Turns: 5094, Time: 00:14:48

Health: -1/32      AC:  5    Str:  5    XL:     7   Next: 58%
Magic:  17/18      EV: 18    Int: 18    God:
Gold:   184        SH:  0    Dex: 16    Spells: 4 memorised, 11 levels left

rFire  . . .     SeeInvis +     a - +2 dagger (venom)
rCold  . . .     Gourm    .     b - +1 robe
rNeg   . . .     Faith    .     (shield restricted)
rPois  .         Spirit   .     (helmet restricted)
rElec  .         Dismiss  .     (no cloak)
rCorr  .         Reflect  .     (gloves unavailable)
SustAt .         Harm     .     (boots unavailable)
MR     +....                    (no amulet)
Stlth  +++++.....               (no ring)
                                g - +2 ring of protection

@: very quick, somewhat resistant to hostile enchantments, quite stealthy
A: unfitting armour, see invisible, herbivore 3, speed 3, slow metabolism 2
a: no special abilities


You were on level 5 of the Dungeon.
You were not hungry.

You visited 1 branch of the dungeon, and saw 5 of its levels.

You collected 184 gold pieces.

Inventory:

Hand Weapons
 a - a +2 dagger of venom (weapon)
 q - a +0 dagger of speed
 v - a +2 dagger of venom
Missiles
 f - 109 stones
 m - 31 poisoned needles
 o - 3 tomahawks (quivered)
Armour
 b - a +1 robe (worn)
Jewellery
 g - a +2 ring of protection (left hand)
Wands
 k - a wand of confusion (13/48)
Scrolls
 e - a scroll of magic mapping
 r - 5 scrolls of remove curse
 w - a scroll of identify
 x - a scroll of fog
Potions
 h - a potion of cancellation {unknown}
 i - a potion of brilliance {unknown}
 j - a potion of might
 l - a potion of heal wounds {unknown}
 n - 2 potions of agility {unknown}
 p - a potion of lignification {unknown}
 s - a potion of berserk rage {unknown}
 t - 2 potions of curing {unknown}
 u - a potion of resistance {unknown}
Books
 c - a book of Maledictions

   Spells                             Type                      Level
   a - Corona                         Hexes                        1
   b - Ensorcelled Hibernation        Hexes/Ice                    2
   c - Confuse                        Hexes                        3
   d - Tukima's Dance                 Hexes                        3
   e - Dazzling Spray                 Conjuration/Hexes            3
Comestibles
 d - 2 bread rations


   Skills:
 - Level 1.1 Short Blades
 - Level 3.0 Dodging
 + Level 10.7 Stealth
 + Level 7.3 Spellcasting
 - Level 3.6 Hexes


You had 11 spell levels left.
You knew the following spells:

 Your Spells              Type           Power        Failure   Level  Hunger
a - Ensorcelled Hibernat  Hex/Ice        ##....       10%         2    None
b - Confuse               Hex            ###.....     10%         3    #......
c - Corona                Hex            ###....      2%          1    None
d - Dazzling Spray        Conj/Hex       ##....       17%         3    #......


Dungeon Overview and Level Annotations

Branches:
Dungeon (5/15)
 Temple: D:4-7

Altars:
Sif Muna
Trog
Vehumet

Shops:
D:4 [

Annotations:
D:3 flight or dig?


Innate Abilities, Weirdness & Mutations

You are tiny and cannot use many weapons and most armour.
You have supernaturally acute eyesight.
You are a herbivore.
You cover ground extremely quickly.
You need consume almost no food.


Message History

You hit the orc but do no damage.
The orc is poisoned.
The giant cockroach bites you but does no damage. x2
You hit the orc but do no damage.
The orc looks even sicker.
The orc closely misses you.
The giant cockroach bites you but does no damage.
You hit the orc but do no damage.
The orc is moderately wounded.
The orc hits you but does no damage.
The giant cockroach bites you but does no damage.
An orc warrior comes into view. It is wielding a hand axe.
You hit the orc.
The orc is almost dead.
You kill the orc!
The orc warrior hits you with a hand axe.
The giant cockroach barely misses you.
You hit the orc warrior but do no damage.
The orc warrior is poisoned.
The giant cockroach completely misses you.
The orc warrior hits you with a hand axe!
You die...

...###..###..###...##
#........
...................#
##.......
#..###..###..###...#
#........ #....#..#
#....#..## #........
#..###..#.#..###..#
#........
#.................#
#........
#..#.#..###..###)?#
#........ #..#.#..# #
# #..# ##.......
##.###..# #@.#
##...(.. #..
..........o)s#
####### ###
#########....# ######


You could see an orc warrior and a giant cockroach.

Vanquished Creatures
  The ghost of nixorn the Firebug, an amateur KoFE (D:3)
  An ice beast (D:5)
  A scorpion (D:5)
  A jelly (D:5)
  6 orc wizards
  2 orc priests
  Ijyb (D:3)
  Jessica (D:3)
  A worker ant (D:5)
  4 gnolls (D:3)
  2 adders
  An ooze (D:1)
  A worm (D:2)
  A dart slug (D:1)
  2 giant geckos
  12 orcs
  7 bats
  5 giant cockroaches
  6 goblins
  10 hobgoblins
  6 jackals
  9 kobolds
  2 quokkas (D:3)
  4 giant newts
  A quokka skeleton (D:5)
  2 rats
90 creatures vanquished.

Notes
Turn   | Place    | Note
--------------------------------------------------------------
     0 | D:1      | MirrMurr the Spriggan Enchanter began the quest for the Orb.
     0 | D:1      | Reached XP level 1. HP: 9/9 MP: 5/5
   146 | D:1      | Reached skill level 5 in Stealth
   217 | D:1      | Reached XP level 2. HP: 11/13 MP: 4/6
   221 | D:1      | Learned a level 2 spell: Ensorcelled Hibernation
   917 | D:1      | Reached skill level 6 in Stealth
  1357 | D:2      | Reached XP level 3. HP: 16/16 MP: 8/8
  1362 | D:2      | Learned a level 3 spell: Confuse
  2231 | D:3      | Reached XP level 4. HP: 21/21 MP: 7/10
  2236 | D:3      | Learned a level 3 spell: Dazzling Spray
  2254 | D:3      | Noticed nixorn's ghost (amateur KoFE)
  2270 | D:3      | Killed nixorn's ghost
  2270 | D:3      | Reached skill level 8 in Stealth
  2270 | D:3      | Reached skill level 5 in Spellcasting
  2270 | D:3      | Reached XP level 5. HP: 24/24 MP: 1/13
  2413 | D:3      | Found a bloodstained altar of Trog.
  2430 | D:3      | Noticed Ijyb
  2881 | D:3      | Noticed Jessica
  2887 | D:3      | Killed Jessica
  2887 | D:3      | Reached XP level 6. HP: 28/28 MP: 14/14
  3029 | D:3      | Killed Ijyb
  3128 | D:3      | Reached skill level 9 in Stealth
  3576 | D:3      | Found a deep blue altar of Sif Muna.
  3855 | D:4      | Reached XP level 7. HP: 27/32 MP: 8/17
  4178 | D:4      | Found Qocoucsul's Armour Shoppe.
  4605 | D:5      | Entered Level 5 of the Dungeon
  4675 | D:5      | Reached skill level 10 in Stealth
  4831 | D:5      | Found a radiant altar of Vehumet.
  5094 | D:5      | Slain by an orc warrior

Skill      XL: |  1  2  3  4  5  6  7 |
---------------+----------------------+-----
Stealth        | 5 6 8 9 10 | 10.7
Spellcasting   | 3 5 6 7 |  7.3
Short Blades   | |  1.1
Dodging        | |  3.0
Hexes          | |  3.6

Action                   |  1- 3 |  4- 6 |  7- 9 || total
-------------------------+-------+-------+-------++-------
Melee: Dagger            |   145 |   112 |    31 ||   288
Throw: Tomahawk          |       |       |     3 ||     3
       Stone             |       |       |     1 ||     1
 Cast: Corona            |     4 |     2 |     1 ||     7
       Ensorcelled Hiber |     7 |    12 |     2 ||    21
       Confuse           |       |    12 |       ||    12
       Dazzling Spray    |       |       |     3 ||     3
  Use: Scroll            |     3 |     4 |       ||     7
 Stab: Sleeping          |    23 |    17 |     8 ||    48
       Distracted        |     2 |       |       ||     2
       Confused          |       |     5 |       ||     5
  Eat: Bread ration      |       |     1 |       ||     1
Armor: Robe              |    15 |     7 |     8 ||    30
Dodge: Dodged            |    87 |    85 |    28 ||   200
